 Dungeon Crawl Stone Soup version 0.31-a0-1496-g79c7dd0eeb (webtiles) character file.

Game seed: 5115616269476656540

4862 mopl the Grappler (level 10, -2/73 HPs)
             Began as a Djinni Shapeshifter on Dec 29, 2023.
             Slain by a sixfirhy (12 damage)
             ... summoned by an orc sorcerer
             ... in a bailey.
             The game lasted 00:13:17 (7371 turns).

mopl the Grappler (Djinni Shapeshifter)             Turns: 7371, Time: 00:13:18

Health: -2/73      AC:  0    Str: 17    XL:     10   Next: 78%
Gold:   289        EV: 21    Int: 12    God:
                   SH:  5    Dex: 13

rFire   + +          .
                       - Unarmed
rCold   . . .        g - melded +2 buckler
rNeg    . . .        D - melded +4 ring mail of Dramatic Exits {Dex+2}
rPois   ∞            (no helmet)
rElec   .            (no cloak)
rCorr   .            (no gloves)
SInv    .            (boots unavailable)
Will    +....        v - amulet of reflection
Stlth   +            l - ring of protection from cold
HPRegen 0.32/turn    m - +5 ring of evasion
MPRegen 0.00/turn

%: reflection, infuse magic (-3 HP)
@: flux-form, flying, glowing
A: glow, contaminating, flying, sickness immunity, fire resistance 2, cold
vulnerability 1, float, innate caster, HP casting, extra vitality 1
a: Begin Untransformation


You were in a bailey.
You were something dangerously unstable.
You visited 2 branches of the dungeon, and saw 8 of its levels.
You also visited: Sewer and Bailey.

You collected 332 gold pieces.
You spent 43 gold pieces at shops.

Inventory:

Hand Weapons
 H - a +4 rapier of venom
Missiles
 e - a throwing net
 o - 2 boomerangs
 t - 4 curare-tipped darts
 w - 48 poisoned darts
Armour
 g - a +2 buckler (melded)
 h - a +0 pair of gloves
 D - the +4 ring mail of Dramatic Exits (melded) {Dex+2}
   (You found it on level 5 of the Dungeon)

   Dex+2:     It affects your dexterity (+2).
 K - +0 acid dragon scales
Jewellery
 l - a ring of protection from cold (left hand)
 m - a +5 ring of evasion (right hand)
 u - an amulet of faith {!P}
 v - an amulet of reflection (around neck)
 B - a ring of willpower
Talismans
 c - a beast talisman
 d - a flux talisman (active)
 r - a blade talisman
Wands
 C - a wand of roots (11)
 G - a wand of digging (5)
 J - a wand of charming (12)
Scrolls
 a - a scroll of enchant armour {unknown}
 f - 2 scrolls of fear {unknown}
 i - 2 scrolls of amnesia {unknown}
 j - 3 scrolls of teleportation {unknown}
 n - a scroll of noise {unknown}
 p - a scroll of blinking {unknown}
 s - 11 scrolls of identify
 x - 2 scrolls of torment {unknown}
 y - 2 scrolls of enchant weapon {unknown}
 E - a scroll of poison {unknown}
 F - a scroll of summoning {unknown}
 L - a scroll of acquirement
Potions
 b - a potion of lignification {!q}
 k - 3 potions of berserk rage {!q}
 q - 2 potions of brilliance
 z - 2 potions of heal wounds
 A - 2 potions of enlightenment
 I - a potion of curing


   Skills:
 + Level 6.8 Fighting
 - Level 2.1 Dodging
 * Level 10.1 Unarmed Combat
 * Level 8.6 Shapeshifting


You knew the following spells:

 Your Spells              Type           Power      Damage    Failure   Level
a - Sting                 Conj/Alch      0%         1d3       32%         1
b - Jinxbite              Hex            0%         N/A       45%         2
c - Passwall              Erth           0%         N/A       69%         3
d - Mephitic Cloud        Conj/Alch/Air  0%         N/A       69%         3
Your spell library was empty.

Dungeon Overview and Level Annotations

Branches:
Dungeon (7/15)             Temple (1/1) D:7           Sewer (visited)
 Bailey (1/1)

Altars:
Cheibriados
Dithmenos
Elyvilon
Fedhas
Makhleb
Nemelex Xobeh
Okawaru
Qazlal
Ru
Trog
Wu Jian
Xom
Yredelemnul
Zin

Shops:
D:3 (

Annotations:
Temple 2 transporters


Innate Abilities, Weirdness & Mutations

You are something dangerously unstable.
You glow with magical radiation, making you easy to see and hit.
Foes you strike become dangerously contaminated with magical radiation.
You are flying.
You are incapable of wielding weapons or throwing items.
You are immune to sickness and miasma.
You are immune to poison.
Your flesh is very heat resistant. (rF++)
You are vulnerable to cold. (rC-)
You float through the air rather than walking.
You learn spells naturally, not from books.
Your magical power is your life essence.
You have superior vitality. (+4 MHP)


Message History

You barely miss the orc sorcerer.
The orc sorcerer is moderately wounded.
The orc sorcerer completely misses you.
The kobold demonologist closely misses you.
You hit the orc sorcerer but do no damage.
The orc sorcerer shudders as magic cascades through it!
The orc sorcerer twists and deforms.
The orc sorcerer is heavily wounded.
The ice devil hits you. The ice devil freezes you!
The kobold demonologist hits you with a +0 war axe.
The orc sorcerer gestures at you while chanting.
The bolt of negative energy misses you.
You hit the orc sorcerer but do no damage.
The orc sorcerer begins to glow.
The orc sorcerer is heavily wounded.
The ice devil barely misses you.
The kobold demonologist mumbles some strange words.
Unknown command.
The ice devil attacks as it pursues you!
The ice devil completely misses you.
The kobold demonologist mumbles some strange words.
The ynoxinul completely misses you.
The ice devil attacks as it pursues you!
The ice devil misses you.
The kobold demonologist casts a cantrip, but nothing happens.
The ice devil attacks as it pursues you!
The ice devil closely misses you.
The orc sorcerer casts a spell.
The ice devil attacks as it pursues you!
The ice devil misses you.
The kobold demonologist begins to cast a cantrip, but forgets the words!
The ice devil attacks as it pursues you!
You block the ice devil's attack. The sixfirhy hits you!
The sixfirhy shocks you! The sixfirhy attacks as it pursues you!
The sixfirhy hits you!
* * * LOW HITPOINT WARNING * * *
The sixfirhy shocks you!
* * * LOW HITPOINT WARNING * * *
The sixfirhy hits you!
You die...

# #..#.~≈≈≈≈≈# #..
#########.~≈≈≈≈≈#
#....#.48.8..#.~≈≈≈≈≈#
#.._.'.oK.3.34∩~≈≈≈≈≈#
#....#.o8.8..#.~≈≈≈≈≈#
#.. #########.~≈≈≈≈≈#
# #..#.~≈≈≈≈≈# #
#))#.3≈≈≈≈≈# #
#.'))#.)p≈≈≈≈#
##############.#≈≈≈≈≈#
8.8.'.....#....#≈≈≈≈≈#
....#.....'....#≈≈≈≈≈#
###########..#'#≈≈≈≈≈#
..........'..#.#≈≈≈≈≈#
~~~~~~~~~~######≈≈≈≈≈#
≈≈≈≈≈≈≈≈≈≈≈≈≈≈≈≈≈≈≈≈≈#
≈≈≈≈≈≈≈≈≈≈≈≈≈≈≈≈≈≈≈≈≈#


You could see an ice devil (summoned) and a sixfirhy (summoned).

Vanquished Creatures
  An orc knight (Bailey)
  Maggie (D:7)
  A hornet (D:7)
  Grinder (D:6)
  Eustachio (D:6)
  Menkaure (D:6)
  2 ice beasts
  A sky beast (D:7)
  2 black bears (D:6)
  3 ogres
  11 orc warriors
  A centaur (D:5)
  4 kobold brigands
  A bullfrog (D:7)
  3 scorpions (D:6)
  3 killer bees (D:7)
  5 electric eels (Bailey)
  5 howler monkeys
  3 jellies
  A sleepcap (D:6)
  2 gnoll boudas (D:7)
  2 orc priests (D:4)
  An iron imp (D:6)
  Jessica (D:2)
  Terence (D:2)
  2 iguanas
  5 adders
  10 gnolls
  2 river rats (Sewer)
  3 shadow imps
  2 worms (D:4)
  2 dart slugs
  10 orcs
  7 ball pythons
  9 bats
  11 endoplasms
  A giant cockroach (D:1)
  15 goblins
  12 hobgoblins
  7 jackals
  5 quokkas
  5 frilled lizards
  23 kobolds
  10 rats
199 creatures vanquished.

Vanquished Creatures (others)
  A gnoll (Bailey)
1 creature vanquished.

Grand Total: 200 creatures vanquished

Notes
Turn   | Place    | Note
-------+----------+-------------------------------------------
     0 | D:1      | mopl the Djinni Shapeshifter began the quest for the Orb.
     0 | D:1      | Reached XP level 1. HP: 17/17 MP: 0/0
    75 | D:1      | Reached XP level 2. HP: 17/22 MP: 0/0
   172 | D:1      | Reached skill level 3 in Shapeshifting
   303 | D:1      | Reached XP level 3. HP: 27/27 MP: 0/0
   303 | D:1      | Learned a level 1 spell: Sting
   848 | D:2      | Noticed an ogre
   872 | D:2      | Killed an ogre
   873 | D:2      | Reached skill level 2 in Fighting
   873 | D:2      | Reached skill level 4 in Unarmed Combat
   873 | D:2      | Reached XP level 4. HP: 21/33 MP: 0/0
   873 | D:2      | Reached XP level 5. HP: 25/38 MP: 0/0
   873 | D:2      | Learned a level 2 spell: Jinxbite
   946 | D:2      | Noticed Terence
   980 | D:2      | Killed Terence
  1113 | D:2      | Noticed Jessica
  1127 | D:2      | Killed Jessica
  1128 | D:2      | Reached XP level 6. HP: 45/45 MP: 0/0
  1280 | D:3      | Found Zecac's Weapon Boutique.
  1288 | D:3      | Bought 3 curare-tipped darts for 43 gold pieces
  1351 | D:3      | Noticed an ice beast
  1367 | D:3      | Killed an ice beast
  1368 | D:3      | Reached skill level 4 in Shapeshifting
  1812 | D:4      | Reached skill level 5 in Unarmed Combat
  1926 | D:4      | Reached skill level 3 in Fighting
  1926 | D:4      | Reached XP level 7. HP: 30/50 MP: 0/0
  1926 | D:4      | Learned a level 3 spell: Passwall
  1949 | D:4      | Found a glowing drain.
  1973 | Sewer    | Entered a sewer
  2174 | Sewer    | Found a glowing silver altar of Zin.
  2503 | D:4      | Found a shimmering altar of Xom.
  2503 | D:4      | Found an iron altar of Okawaru.
  2503 | D:4      | Found a bloodstained altar of Trog.
  2503 | D:4      | Found a snail-covered altar of Cheibriados.
  2658 | D:5      | Entered Level 5 of the Dungeon
  2660 | D:5      | Found a sacrificial altar of Ru.
  2754 | D:5      | Reached skill level 6 in Unarmed Combat
  2754 | D:5      | Reached skill level 5 in Shapeshifting
  2754 | D:5      | Reached XP level 8. HP: 44/57 MP: 0/0
  2868 | D:5      | Identified the +4 ring mail of Dramatic Exits {Dex+2}
  2871 | D:5      | Found a blossoming altar of Fedhas.
  3123 | D:5      | Found a glowing silver altar of Zin.
  3361 | D:6      | Reached skill level 4 in Fighting
  3487 | D:6      | Noticed Menkaure
  3504 | D:6      | Killed Menkaure
  3520 | D:6      | Reached skill level 7 in Unarmed Combat
  3550 | D:6      | Noticed Eustachio
  3575 | D:6      | Killed Eustachio
  3576 | D:6      | Reached skill level 6 in Shapeshifting
  3576 | D:6      | Reached XP level 9. HP: 50/63 MP: 0/0
  3576 | D:6      | Learned a level 3 spell: Mephitic Cloud
  3927 | D:6      | Found a snail-covered altar of Cheibriados.
  4037 | D:6      | Noticed Grinder
  4045 | D:6      | Paralysed by Grinder for 3 turns
  4060 | D:6      | Killed Grinder
  4061 | D:6      | Reached skill level 5 in Fighting
  4410 | D:6      | Reached skill level 8 in Unarmed Combat
  4695 | D:7      | Reached skill level 7 in Shapeshifting
  4730 | D:7      | Noticed a hornet
  4754 | D:7      | Killed a hornet
  4850 | D:7      | Found a staircase to the Ecumenical Temple.
  4859 | Temple   | Found a transporter.
  4859 | Temple   | Found a transporter.
  4859 | Temple   | Found a transporter.
  4859 | Temple   | Found a transporter.
  4859 | Temple   | Entered the Ecumenical Temple
  4893 | D:7      | Reached XP level 10. HP: 62/72 MP: 0/0
  4906 | D:7      | Reached skill level 9 in Unarmed Combat
  4957 | D:7      | Noticed Maggie
  4977 | D:7      | Killed Maggie
  4978 | D:7      | Reached skill level 6 in Fighting
  4986 | D:7      | Found a sparkling altar of Nemelex Xobeh.
  5076 | D:7      | Found a flagged portal.
  5095 | Bailey   | Entered a bailey
  5727 | Bailey   | Reached skill level 8 in Shapeshifting
  5743 | Bailey   | Found the +4 robe of Folly {Brill Will-∞ Int+8}
  5761 | Bailey   | Noticed an orc knight
  6373 | Bailey   | Noticed an orc knight
  7236 | Bailey   | Killed an orc knight
  7237 | Bailey   | Reached skill level 10 in Unarmed Combat
  7350 | Bailey   | Found an iron altar of Okawaru.
  7350 | Bailey   | Noticed a kobold demonologist
  7350 | Bailey   | Noticed an orc sorcerer
  7358 | Bailey   | Noticed an ice devil
  7362 | Bailey   | Noticed an ice devil
  7365 | Bailey   | Noticed a sixfirhy
  7371 | Bailey   | Slain by a sixfirhy

Illustrated notes

Levels and vault maps discovered:
D:1:      saegor_arrival_simple_c, layout_basic
D:2:      layout_rooms, uniq_jessica, uniq_terence
D:3:      layout_rooms, serial_shops, nicolae_lakefront_shop, kennysheep_nub,
          kennysheep_nondescript, hangedman_abyss_or_decor_lesser_grid
D:4:      cheibrodos_fertilizer, layout_rooms, cheibrodos_sewer_entry_bend
D:5:      layout_basic, nicolae_ru_path_of_blood, zin_scriptorium,
          overflow_temple_1_default
D:6:      layout_layer_cave, slow_altar_1, uniq_menkaure, uniq_grinder,
          uniq_eustachio
D:7:      kennysheep_seaside_town, layout_rooms, mainiacjoe_overflow_alcove_4,
          temple_pool_b, enter_bailey_7, uniq_maggie
Temple:   hellmonk_temple_divided_pantheon
Bailey:   bailey_axe_of_yendor_kennysheep, bailey

Skill      XL: |  1  2  3  4  5  6  7  8  9 10 |
---------------+-------------------------------+-----
Shapeshifting  | 3 4 5 6 7 8 |  8.6
Fighting       | 2 3 4 5 6 |  6.8
Unarmed Combat | 4 5 6 7 8 10 | 10.1
Dodging        | |  2.1

Action                     |  1- 3 |  4- 6 |  7- 9 | 10-12 || total
---------------------------+-------+-------+-------+-------++-------
  Melee: Unarmed           |   117 |   119 |   343 |   223 ||   802
         Punch             |     2 |       |       |       ||     2
  Evoke: Wand              |       |       |     1 |       ||     1
    Use: Scroll            |       |       |     4 |       ||     4
 Armour: Animal skin       |     4 |       |       |       ||     4
         Ring mail         |    70 |    35 |    82 |    53 ||   240
         Skin              |       |     1 |       |    32 ||    33
  Dodge: Dodged            |    51 |    53 |   139 |    96 ||   339
  Block: Buckler           |    15 |    40 |   152 |    28 ||   235
         Reflection        |       |     1 |     6 |       ||     7
         Other             |       |       |       |    14 ||    14
   Form: Flux              |     1 |     1 |       |     1 ||     3
         Beast             |       |     2 |       |       ||     2

Table legend: (Time is in decaauts)
 A = Elapsed time spent in this place.
 B = Non-inter-level travel time spent in this place.
 C = Inter-level travel time spent in this place.
 D = Time resting spent in this place.
 E = Time spent auto-exploring this place.
 F = Levels seen in this place.
 G = Mean time per level.
                   A        B        C        D        E       F      G
               +--------+--------+--------+--------+--------+-----+--------+
         Total |   7299 |   7000 |    299 |   2011 |   2764 |  10 |  729.9 |
       Dungeon |   4813 |   4514 |    299 |    332 |   2650 |   7 |  687.6 |
        Temple |      1 |      1 |      0 |      0 |      0 |   1 |    1.0 |
         Sewer |    236 |    236 |      0 |     78 |     53 |   1 |  236.0 |
        Bailey |   2247 |   2247 |      0 |   1601 |     61 |   1 | 2247.0 |
               +--------+--------+--------+--------+--------+-----+--------+

Top non-repeatable levels by time:
  Bailey: 2247 daAuts
     D:6: 1218 daAuts
     D:1: 747 daAuts
     D:5: 722 daAuts
     D:4: 616 daAuts
     D:3: 577 daAuts
     D:7: 468 daAuts
     D:2: 462 daAuts
   Sewer: 236 daAuts
  Temple: 1 daAuts
